 Dungeon Crawl Stone Soup version 0.27-a0-906-g0a00ce863d (webtiles) character file.

Game seed: 13490782211766238635

10250 lunkers the Thaumaturge (level 11, -3/85 HPs)
             Began as a Djinni Earth Elementalist on Apr 6, 2021.
             Was an Elder of Makhleb.
             Slain by Snorg (18 damage)
             ... on level 10 of the Dungeon.
             The game lasted 00:18:20 (10742 turns).

lunkers the Thaumaturge (DjEE)                     Turns: 10742, Time: 00:18:21

Health: -3/85      AC:  8    Str:  7    XL:     11   Next: 59%
Gold:   430        EV: 12    Int: 19    God:    Makhleb [****..] SH:  5 Dex: 15

rFire    + + .     SeeInvis .   J - +1 hand crossbow (flame)
rCold    . . .     Faith    .   j - +0 buckler
rNeg     . . .     Spirit   .   L - +1 robe {rC+}
rPois    ∞         Reflect  .   E - +2 helmet
rElec    .         Harm     .   d - +0 cloak
rCorr    +         Rampage  .   P - +0 pair of gloves
Will     +....                  (boots unavailable)
Stlth    ++........             C - amulet of regeneration
HPRegen  1.24/turn              y - ring of resist corrosion
MPRegen  0.00/turn              (no ring)

@: flying
A: fire resistance 2, cold vulnerability 1, float, innate caster, hp casting,
extra vitality 1
a: Renounce Religion, Minor Destruction, Lesser Servant of Makhleb, Major
Destruction


You were on level 10 of the Dungeon.
You worshipped Makhleb.
Makhleb was greatly pleased with you.
You visited 2 branches of the dungeon, and saw 11 of its levels.
You also visited: Ossuary.

You collected 430 gold pieces.

Inventory:

Hand Weapons
 J - a +1 hand crossbow of flaming (weapon)
 M - a +5 dagger of freezing
Missiles
 b - 321 stones
 m - 2 throwing nets
 K - 105 bolts (quivered ammo)
Armour
 d - a +0 cloak (worn)
 j - a +0 buckler (worn)
 E - a +2 helmet (worn)
 H - a scarf of invisibility
 L - a +1 robe of cold resistance (worn)
 P - a +0 pair of gloves (worn)
Jewellery
 n - a ring of fire
 y - a ring of resist corrosion (left hand)
 C - an amulet of regeneration (around neck)
 R - an amulet of faith
Wands
 o - a wand of iceblast (10)
 r - a wand of mindburst (27)
 s - a wand of charming (16)
 G - a wand of acid (9)
 I - a wand of random effects (36)
Scrolls
 a - 2 scrolls of magic mapping {unknown}
 c - a scroll of teleportation {unknown}
 e - a scroll of summoning {unknown}
 g - 2 scrolls of silence {unknown}
 h - a scroll of holy word {unknown}
 k - 4 scrolls of amnesia {unknown}
 p - 2 scrolls of enchant weapon {unknown}
 v - a scroll of blinking {unknown}
 w - a scroll of immolation {unknown}
 x - a scroll of fear {unknown}
 D - 3 scrolls of noise {unknown}
 F - a scroll of enchant armour {unknown}
 N - a scroll of acquirement {unknown}
Potions
 f - a potion of haste
 q - 4 potions of curing
 t - 2 potions of lignification
 u - a potion of attraction
 z - 4 potions of heal wounds
 A - 3 potions of might
 B - a potion of cancellation
 O - 3 potions of mutation
 Q - a potion of ambrosia
 S - a potion of flight {unknown}


   Skills:
 + Level 10.0 Fighting
 - Level 2.1 Dodging
 - Level 1.5 Stealth
 - Level 4.0 Shields
 * Level 12.1 Spellcasting


You had 4 spell levels left.
You knew the following spells:

 Your Spells              Type           Power      Damage    Failure   Level
a - Stone Arrow           Conj/Erth      100%       3d13      1%          3
b - Passwall              Tmut/Erth      45%        N/A       1%          2
c - Sandblast             Erth           100%       2d20      1%          1
d - Petrify               Tmut/Erth      55%        N/A       1%          4
e - Lee's Rapid Deconstr  Erth           27%        3d16*     1%          5
f - Foxfire               Conj/Fire      100%       2x1d9     1%          1
g - Wereblood             Tmut           55%        N/A       1%          2
h - Frozen Ramparts       Ice            100%       1d12      1%          3
i - Dispel Undead         Necr           55%        3d20      1%          4
j - Alistair's Intoxicat  Tmut/Pois      36%        N/A       1%          5
Your spell library was empty.

Dungeon Overview and Level Annotations

Branches:
Dungeon (10/15)            Temple (1/1) D:5            Lair (0/6) D:9
Ossuary (visited)
    Orc: D:9-12

Altars:
Ashenzari
Cheibriados
Dithmenos
Elyvilon
Fedhas
Gozag
Hepliaklqana
Kikubaaqudgha
Makhleb
Nemelex Xobeh
Okawaru
Qazlal
Ru
Sif Muna
Trog
Uskayaw
Vehumet
Wu Jian
Xom
Yredelemnul
Zin
The Shining One

Shops:
D:3 *   D:8 :

Portals:
Abyss: D:4

Annotations:
D:4 2 transporters, bilbop's ghost, novice TrMo
D:5 3 runed translucent doors, HilariousDeathArtist's ghost, novice MiWr
D:10 Snorg


Innate Abilities, Weirdness & Mutations

You are immune to poison.
Your flesh is very heat resistant. (rF++)
You are vulnerable to cold. (rC-)
You float through the air rather than walking.
You learn spells naturally, not from books.
Your magical power is your life essence.
You have superior vitality. (+4 HP)


Message History

No target in view!
Snorg the Insatiable comes into view.
You see here a scroll labelled QASHOROF DOLA.
Found a scroll labelled COS QYRHETE.
Casting: Stone Arrow (safe; 1% risk of failure)
Confirm with . or Enter, or press ? or * to list all spells.
The stone arrow hits Snorg!!
Snorg is moderately wounded.
Snorg shouts!
Casting: Stone Arrow (safe; 1% risk of failure)
Confirm with . or Enter, or press ? or * to list all spells.
The stone arrow misses Snorg.
Casting: Stone Arrow (safe; 1% risk of failure)
Confirm with . or Enter, or press ? or * to list all spells.
The stone arrow hits Snorg!
Snorg is heavily wounded.
Casting: Stone Arrow (safe; 1% risk of failure)
Confirm with . or Enter, or press ? or * to list all spells.
The stone arrow hits Snorg!
Snorg is severely wounded.
Snorg goes berserk!
Casting: Stone Arrow (safe; 1% risk of failure)
Confirm with . or Enter, or press ? or * to list all spells.
The stone arrow misses Snorg.
Snorg bites you! Snorg claws you!
* * * LOW HITPOINT WARNING * * *
Snorg misses you.
Casting: Stone Arrow (safe; 1% risk of failure)
Confirm with . or Enter, or press ? or * to list all spells.
Aiming: Stone Arrow (safe; 1% risk of failure)
Press: ? - help, Shift-Dir - straight line, f/p - Snorg
Aim: Snorg (severely wounded, berserk, 22% to evade)
The stone arrow hits Snorg!!
Snorg is severely wounded.
* * * LOW HITPOINT WARNING * * *
Snorg closely misses you. Snorg claws you!
* * * LOW HITPOINT WARNING * * *
Snorg barely misses you. Snorg bites you!
* * * LOW HITPOINT WARNING * * *
Snorg barely misses you. Snorg claws you!!
You die...

.. ##.######
..?......
........
#.#..)#
#.....+
###....T#####
.......@....#
####..#.....#
##.#.....##.
#.?........
##.........
#..###.$..
##.# ###.
#######.##
#........#


You could see Snorg (berserk).

Vanquished Creatures
  3 death yaks (D:9)
  An oklob plant (D:6)
  An ice statue (D:9)
  A komodo dragon (D:10)
  3 trolls
  Prince Ribbit (D:9)
  4 yaks (D:8)
  2 wyverns (D:9)
  Eustachio (D:5)
  Grum (D:9)
  Menkaure (D:7)
  2 water moccasins
  A sky beast (D:5)
  8 orc warriors
  2 black bears
  2 ogres
  2 wolves (D:9)
  A centaur (D:9)
  4 bullfrogs
  4 kobold brigands
  A wyvern zombie (D:7)
  2 scorpions
  3 water moccasin zombies (Ossuary)
  2 wyvern skeletons
  12 killer bees (D:9)
  13 wights
  2 centaur zombies
  A bullfrog zombie (D:6)
  2 hounds
  7 orc priests
  2 gnoll shamans (D:6)
  A centaur skeleton (D:4)
  7 jellies (D:6)
  A bullfrog skeleton (D:5)
  7 iguanas
  13 orc wizards
  4 hell rats (D:9)
  A killer bee zombie (D:8)
  2 mummies (Ossuary)
  Robin (D:3)
  11 gnolls
  3 adders
  2 shadow imps
  2 ufetubi
  An adder skeleton (D:4)
  3 adder zombies (Ossuary)
  5 worms
  3 dart slugs
  24 orcs
  7 ball pythons
  11 bats
  21 endoplasms
  4 giant cockroaches
  5 gnoll zombies (Ossuary)
  15 goblins
  6 hobgoblins
  3 jackals (D:5)
  3 quokkas
  3 frilled lizards
  6 hobgoblin zombies (Ossuary)
  24 kobolds
  9 kobold zombies (Ossuary)
  3 orc zombies (Ossuary)
  6 rats
  A spectral orc (D:4)
310 creatures vanquished.

Vanquished Creatures (others)
  An orc (D:7)
  A kobold (D:7)
  10 fungi
  11 plants
23 creatures vanquished.

Grand Total: 333 creatures vanquished

Notes
Turn   | Place    | Note
-------+----------+-------------------------------------------
     0 | D:1      | lunkers the Djinni Earth Elementalist began the quest for
                  | the Orb.
     0 | D:1      | Reached XP level 1. HP: 15/15 MP: 0/0
   251 | D:1      | Reached skill level 3 in Spellcasting
   251 | D:1      | Reached XP level 2. HP: 21/22 MP: 0/0
   286 | D:1      | Reached skill level 1 in Fighting
   550 | D:1      | Reached XP level 3. HP: 18/27 MP: 0/0
   550 | D:1      | Learned a level 1 spell: Foxfire
  1646 | D:2      | Reached XP level 4. HP: 31/33 MP: 0/0
  2340 | D:3      | Reached skill level 4 in Spellcasting
  2424 | D:3      | Reached XP level 5. HP: 36/38 MP: 0/0
  2424 | D:3      | Learned a level 2 spell: Wereblood
  2605 | D:3      | Reached skill level 1 in Shields
  2876 | D:3      | Found Syofeiri's General Store.
  2950 | D:3      | Noticed Robin
  2984 | D:3      | Killed Robin
  3446 | D:3      | Found a faded altar of an unknown god.
  3780 | D:4      | Found a hazy altar of Hepliaklqana.
  3783 | D:4      | Reached XP level 6. HP: 39/45 MP: 0/0
  3955 | D:4      | Found a sand-covered staircase.
  4004 | Ossuary  | Entered an ossuary
  4983 | Ossuary  | Reached skill level 5 in Spellcasting
  4989 | Ossuary  | Reached XP level 7. HP: 11/50 MP: 0/0
  4989 | Ossuary  | Learned a level 3 spell: Frozen Ramparts
  5435 | D:4      | Found a bloodstained altar of Trog.
  5506 | D:4      | Noticed an ancient zyme
  5572 | D:4      | Found a transporter.
  5585 | D:4      | Found a one-way gate to the infinite horrors of the Abyss.
  5585 | D:4      | Noticed bilbop's ghost (novice TrMo)
  5592 | D:4      | Noticed a small abomination
  5786 | D:4      | Found a transporter.
  6060 | D:5      | Entered Level 5 of the Dungeon
  6060 | D:5      | Noticed Eustachio
  6065 | D:5      | Killed Eustachio
  6066 | D:5      | Reached skill level 6 in Spellcasting
  6066 | D:5      | Reached XP level 8. HP: 43/58 MP: 0/0
  6349 | D:5      | Found a staircase to the Ecumenical Temple.
  6420 | Temple   | Entered the Ecumenical Temple
  6637 | Temple   | Became a worshipper of Makhleb the Destroyer
  6905 | D:5      | Found an iron altar of Okawaru.
  7119 | D:5      | Found a runed translucent gate.
  7120 | D:5      | Found a runed translucent gate.
  7121 | D:5      | Found a runed translucent gate.
  7123 | D:5      | Noticed HilariousDeathArtist's ghost (novice MiWr)
  7224 | D:6      | Found a glowing golden altar of the Shining One.
  7256 | D:6      | Reached skill level 5 in Fighting
  7495 | D:6      | Reached skill level 7 in Spellcasting
  7632 | D:6      | Reached * piety under Makhleb
  7722 | D:6      | Reached XP level 9. HP: 58/66 MP: 0/0
  7722 | D:6      | Learned a level 4 spell: Dispel Undead
  7823 | D:6      | Reached skill level 8 in Spellcasting
  8048 | D:6      | Noticed an oklob plant
  8076 | D:6      | Reached ** piety under Makhleb
  8144 | D:6      | Killed an oklob plant
  8217 | D:7      | Reached skill level 9 in Spellcasting
  8321 | D:7      | Reached XP level 10. HP: 64/75 MP: 0/0
  8483 | D:7      | Found a white marble altar of Elyvilon.
  8535 | D:7      | Found an ornate altar of the Wu Jian Council.
  8578 | D:7      | Noticed Menkaure
  8582 | D:7      | Killed Menkaure
  8844 | D:7      | Found a shimmering altar of Xom.
  8992 | D:8      | Reached skill level 10 in Spellcasting
  9004 | D:8      | Found Eliogob's Book Shoppe.
  9029 | D:8      | Reached *** piety under Makhleb
  9079 | D:8      | You are sucked into a shaft and drop 1 floor!
  9091 | D:9      | Noticed an ice statue
  9227 | D:9      | Noticed a death yak
  9229 | D:9      | Noticed a death yak
  9234 | D:9      | Killed a death yak
  9237 | D:9      | Noticed a death yak
  9249 | D:9      | Killed a death yak
  9250 | D:9      | Reached skill level 11 in Spellcasting
  9250 | D:9      | Reached XP level 11. HP: 50/84 MP: 0/0
  9250 | D:9      | Learned a level 5 spell: Alistair's Intoxication
  9254 | D:9      | HP: 4/84 [death yak (8)]
  9255 | D:9      | Killed a death yak
 10107 | D:9      | Found a staircase to the Lair.
 10185 | D:9      | Noticed Grum
 10187 | D:9      | Killed Grum
 10188 | D:9      | Noticed Prince Ribbit
 10202 | D:9      | Killed Prince Ribbit
 10255 | D:9      | Reached **** piety under Makhleb
 10530 | D:9      | Reached skill level 10 in Fighting
 10530 | D:9      | Reached skill level 12 in Spellcasting
 10568 | D:10     | Entered Level 10 of the Dungeon
 10600 | D:10     | Found a basalt altar of Yredelemnul.
 10733 | D:10     | Noticed Snorg
 10742 | D:10     | Slain by Snorg

Illustrated notes

Levels and vault maps discovered:
D:1:      minmay_arrival_solitary_statue, layout_loops_ring, dk_noncrumbling_4
D:2:      layout_basic
D:3:      layout_loops_ring, shapermc_ecumenical_altar_notcrosses, serial_shops,
          nicolae_shop_crystal, serial_bayou_ford_a, uniq_robin
D:4:      layout_basic, lightli_temple_of_fire,
          nicolae_hepliaklqana_monster_ancestors,
          gammafunk_ghost_abyssal_escape, nicolae_ossuary_entry_plus
D:5:      layout_gridville, overflow_temple_1_default,
          minmay_temple_entry_fiery, gammafunk_ghost_nasty_kobolds,
          uniq_eustachio
D:6:      lemuel_slime, layout_basic, kennysheep_mini
D:7:      layout_cave_pools, kennysheep_little_box, marbit_many_paths,
          nzn_wu_jian_contemplation, lemuel_flamethrower_2, uniq_menkaure
D:8:      layout_loops_corners, nicolae_kikubaaqudgha_miasma_corner,
          serial_shops, shop
D:9:      layout_basic, dpeg_lair_monsters, minivault_16, uniq_grum,
          uniq_prince_ribbit1
D:10:     layout_basic, nicolae_overflow_crystal_walls, uniq_snorg
Temple:   nicolae_temple_figure_eight

Skill      XL: |  1  2  3  4  5  6  7  8  9 10 11 |
---------------+----------------------------------+-----
Spellcasting   | 3 4 5 6 7 9 11 12 | 12.1
Fighting       | 1 2 3 4 5 7 9 10 | 10.0
Shields        | 1 2 3 4 |  4.0
Dodging        | |  2.1
Stealth        | |  1.5

Action                   |  1- 3 |  4- 6 |  7- 9 | 10-12 || total
-------------------------+-------+-------+-------+-------++-------
Melee: Unarmed           |       |     1 |     1 |       ||     2
 Fire: Hand crossbow     |       |       |     3 |       ||     3
 Cast: Sandblast         |    60 |    58 |     3 |       ||   121
       Stone Arrow       |       |    58 |   149 |   188 ||   395
       Lee's Rapid Decon |       |       |     2 |     3 ||     5
  Use: Scroll            |       |       |       |    10 ||    10
Armor: Robe              |     6 |    10 |     3 |    11 ||    30
Dodge: Dodged            |     9 |    25 |     8 |    25 ||    67
Block: Buckler           |       |     2 |     5 |    12 ||    19

Table legend: (Time is in decaauts)
 A = Elapsed time spent in this place.
 B = Non-inter-level travel time spent in this place.
 C = Inter-level travel time spent in this place.
 D = Time resting spent in this place.
 E = Time spent auto-exploring this place.
 F = Levels seen in this place.
 G = Mean time per level.
                   A        B        C        D        E       F      G
               +--------+--------+--------+--------+--------+-----+--------+
         Total |  10743 |  10225 |    518 |    526 |   8292 |  12 |  895.2 |
       Dungeon |   9181 |   8684 |    497 |    294 |   7091 |  10 |  918.1 |
        Temple |    229 |    208 |     21 |      0 |    207 |   1 |  229.0 |
       Ossuary |   1332 |   1332 |      0 |    232 |    994 |   1 | 1332.0 |
               +--------+--------+--------+--------+--------+-----+--------+

Top non-repeatable levels by time:
 Ossuary: 1332 daAuts
     D:3: 1320 daAuts
     D:1: 1282 daAuts
     D:4: 1196 daAuts
     D:5: 1035 daAuts
     D:2: 926 daAuts
     D:6: 905 daAuts
     D:8: 880 daAuts
     D:7: 731 daAuts
     D:9: 728 daAuts
  Temple: 229 daAuts
    D:10: 173 daAuts
